AoeStats
← 8Kram

Arabia

506242739Analyzed
1v1 RM · 20d ago on Sep 12, 2026· 51m 36s· 2 players
Game mode
Random Map
Map size
Tiny (2 player)
Population
200
Speed
Normal
Resources
Standard
Victory
Conquest
Starting age
Dark Age
Ending age
Imperial Age
RankedLock teamsTeams togetherTeam positionsShared explorationLock speedFull tech treeHidden civsTurbo modeCheats
Victory
Defeat
🇧🇴 Slavs · Bolivia
1143
+15
🇨🇦 Shu · Canada
1112
-15
Linoseros
7:59 Loom
9:59 Feudal Age
13:18 Fletching
16:26 Padded Archer Armor
17:13 Scale Mail Armor
19:24 Forging
21:50 Arson
27:05 Castle Age
25:48 Scale Barding Armor
26:25 Double-Bit Axe
26:25 Horse Collar
27:36 Gold Mining
28:01 Husbandry
27:25 Crossbowman
28:39 Thumb Ring
28:39 Squires
29:24 Bodkin Arrow
31:41 Leather Archer Armor
32:56 Wheelbarrow
32:09 Pikeman
32:56 Heavy Plow
34:06 Chain Mail Armor
35:05 Bow Saw
36:02 Chain Barding Armor
36:47 Coiled Serpent Array
38:15 Fervor
38:38 Ballistics
41:02 Imperial Age
40:19 Hand Cart
41:48 Bracer
42:24 Plate Barding Armor
42:20 Ring Archer Armor
42:14 Conscription
43:01 Plate Mail Armor
43:55 Gold Shaft Mining
43:09 Arbalester
46:00 Chemistry
45:58 Bolt Magazine
45:45 Heavy Hei Guang Cavalry
51:07 Murder Holes
8Kram
7:22 Loom
9:53 Feudal Age
9:58 Man-at-Arms
15:03 Horse Collar
22:00 Castle Age
21:08 Bloodlines
21:42 Scale Barding Armor
26:40 Wheelbarrow
29:28 Chain Barding Armor
33:53 Double-Bit Axe
35:49 Detinets
36:03 Forging
35:57 Husbandry
35:54 Gold Mining
37:59 Iron Casting
37:46 Town Watch
41:44 Imperial Age
39:31 Hand Cart
39:08 Town Watch
41:20 Fletching
43:15 Plate Barding Armor
42:04 Elite Boyar
43:06 Conscription
44:13 Blast Furnace
43:46 Heavy Plow
46:38 Hoardings
46:15 Heavy Scorpion
50:11 Bodkin Arrow
Connection lost

Rejoining the realm…

Still unreachable

The connection could not be restored.

Session expired

The server has moved on; the page needs a fresh start.